[Event "MCC Labor Day Schev 2024"]
[Site "New York"]
[Date "2024.08.30"]
[Round "1.1"]
[White "Zhao, Alex"]
[Black "Nasta, Kiren Vivek"]
[Result "1/2-1/2"]
[ECO "A08"]
[WhiteElo "2043"]
[BlackElo "2148"]
[Annotator "RC"]
[PlyCount "78"]
[EventDate "2024.08.28"]
[EventType "schev"]
[EventCountry "USA"]
[SourceTitle "playchess.com"]
[Source "ChessBase"]
[SourceQuality "1"]
[TimeControl "5400+30"]

1. Nf3 Nf6 2. g3 g6 3. Bg2 Bg7 4. O-O O-O 5. d3 d5 6. Nbd2 c5 7. e4 Nc6 8. Re1 e5 9. exd5 Nxd5 10. Nc4 f6 11. Nfd2 Be6 12. Ne4 Qe7 13. f4 Rad8 14. fxe5 fxe5 15. Bg5 Nf6 16. Qc1 Bxc4 17. dxc4 Nd4 18. c3 Ne6 19. Bxf6 Bxf6 20. Nxf6+ Qxf6 21. Qe3 Ng5 22. Rf1 Qe7 23. Bd5+ Kg7 24. h4 Nf7 25. Rae1 Rde8 26. Bxf7 Rxf7 27. Rxf7+ Kxf7 28. Qe4 Kg7 29. Rd1 b6 30. Rd5 Qe6 31. Kg2 Qf5 32. Qxf5 gxf5 33. Rd7+ Kf6 34. Rxa7 Rd8 35. b3 Rd2+ 36. Kf1 f4 37. gxf4 exf4 38. Ra6 Kf5 39. Rxb6 Kg4 1/2-1/2

[Event "MCC Labor Day Schev 2024"]
[Site "New York"]
[Date "2024.08.30"]
[Round "1.3"]
[White "Aravindakshan, Sahana"]
[Black "Podavonov, Alisher"]
[Result "0-1"]
[ECO "E59"]
[WhiteElo "2003"]
[BlackElo "2140"]
[Annotator "RC"]
[PlyCount "111"]
[EventDate "2024.08.28"]
[EventType "schev"]
[EventCountry "USA"]
[SourceTitle "playchess.com"]
[Source "ChessBase"]
[SourceQuality "1"]
[TimeControl "5400+30"]

1. d4 Nf6 2. c4 e6 3. Nc3 Bb4 4. e3 O-O 5. Bd3 d5 6. a3 Bxc3+ 7. bxc3 dxc4 8. Bxc4 c5 9. Nf3 Qc7 10. Be2 Rd8 11. O-O Nc6 12. c4 b6 13. Bb2 Ba6 14. Rc1 Rac8 15. Qc2 cxd4 16. exd4 Qf4 17. Rfd1 h6 18. g3 Qe4 19. Qxe4 Nxe4 20. Bd3 Nd6 21. c5 Bxd3 22. Rxd3 Nf5 23. cxb6 axb6 24. Rdc3 Nce7 25. Rc7 Rxc7 26. Rxc7 Rc8 27. Rxc8+ Nxc8 28. Ne5 Ncd6 29. a4 f6 30. Nd7 Nc4 31. Bc3 Kf7 32. Kf1 Ke8 33. Nb8 Ne7 34. Ke2 Nd5 35. Kd3 Nd6 36. f3 Kd8 37. Nc6+ Kd7 38. Nb4 Nxb4+ 39. Bxb4 Nf7 40. a5 bxa5 41. Bxa5 Kc6 42. Bb4 Kd5 43. f4 f5 44. h3 h5 45. Bf8 g5 46. fxg5 Nxg5 47. g4 Nxh3 48. gxf5 exf5 49. Ke3 Ke6 50. Bh6 Kf6 51. d5 Ng5 52. d6 Ne6 53. Kf3 Kg6 54. Be3 Nf8 55. Bd4 Kg5 56. Bb6 0-1

[Event "MCC Labor Day Schev 2024"]
[Site "New York"]
[Date "2024.08.30"]
[Round "1.4"]
[White "Hoffman, Luc"]
[Black "Almeida Saenz, Alfonso"]
[Result "0-1"]
[ECO "D00"]
[WhiteElo "2067"]
[BlackElo "2202"]
[Annotator "RC"]
[PlyCount "70"]
[EventDate "2024.08.28"]
[EventType "schev"]
[EventCountry "USA"]
[SourceTitle "playchess.com"]
[Source "ChessBase"]
[SourceQuality "1"]
[TimeControl "5400+30"]

1. d4 d5 2. Nc3 Nf6 3. Bf4 c6 4. e3 Bf5 5. Bd3 e6 6. Nf3 Nbd7 7. Qe2 Bb4 8. O-O Bg6 9. Ne5 Nxe5 10. Bxe5 O-O 11. Rfd1 Rc8 12. Qf3 Bxc3 13. bxc3 Ne4 14. c4 f6 15. Bg3 Qe8 16. Qf4 Bh5 17. Qh4 Bxd1 18. Rxd1 f5 19. Be5 Qd8 20. Qh3 Qg5 21. Bf4 Qg4 22. Qxg4 fxg4 23. Bxe4 dxe4 24. Rb1 b6 25. c5 Rf5 26. Bd6 bxc5 27. dxc5 Rd5 28. g3 Rd8 29. Rb7 a5 30. Ra7 h5 31. Re7 Rd2 32. Ra7 Rxc2 33. Rxa5 Rd7 34. Ra8+ Kh7 35. Rf8 Rb7 0-1

[Event "MCC Labor Day Schev 2024"]
[Site "New York"]
[Date "2024.08.30"]
[Round "1.5"]
[White "Mottola, Max"]
[Black "Sarkar, Justin"]
[Result "1/2-1/2"]
[ECO "B90"]
[WhiteElo "2103"]
[BlackElo "2276"]
[Annotator "RC"]
[PlyCount "72"]
[EventDate "2024.08.28"]
[EventType "schev"]
[EventCountry "USA"]
[SourceTitle "playchess.com"]
[Source "ChessBase"]
[SourceQuality "1"]
[TimeControl "5400+30"]

1. e4 c5 2. Nf3 d6 3. d4 cxd4 4. Nxd4 Nf6 5. Nc3 a6 6. a4 e5 7. Nf3 Be7 8. Bg5 Be6 9. Bxf6 Bxf6 10. Nd5 Nd7 11. Bc4 Nb6 12. Nxf6+ Qxf6 13. Bxe6 Qxe6 14. O-O O-O 15. Re1 Rad8 16. a5 Nc8 17. Qd3 Ne7 18. Nd2 d5 19. Qb3 Qc6 20. exd5 Rxd5 21. Nc4 Ng6 22. Rad1 Rfd8 23. Ne3 Rxd1 24. Rxd1 Rxd1+ 25. Nxd1 Nf4 26. Ne3 Ne2+ 27. Kf1 Nd4 28. Qc4 Qd7 29. Qc5 f6 30. c3 Ne6 31. Qc4 Kf8 32. g3 h5 33. Ke2 Kf7 34. h4 g6 35. Nd5 Qd6 36. b4 Kg7 1/2-1/2

[Event "MCC Labor Day Schev 2024"]
[Site "New York"]
[Date "2024.08.30"]
[Round "1.6"]
[White "Colas, Joshua"]
[Black "Shangin, Lev"]
[Result "1/2-1/2"]
[ECO "D35"]
[WhiteElo "2224"]
[BlackElo "1974"]
[Annotator "RC"]
[PlyCount "148"]
[EventDate "2024.08.28"]
[EventType "schev"]
[EventCountry "USA"]
[SourceTitle "playchess.com"]
[Source "ChessBase"]
[SourceQuality "1"]
[TimeControl "5400+30"]

1. Nf3 Nf6 2. c4 e6 3. g3 d5 4. cxd5 exd5 5. d4 c6 6. Bg2 Bd6 7. O-O O-O 8. Nc3 Re8 9. Bf4 Bf5 10. Qb3 Bxf4 11. gxf4 Qb6 12. Qa3 Ne4 13. e3 Qa6 14. Qxa6 Nxa6 15. Nh4 Nd6 16. Nxf5 Nxf5 17. Rab1 Nd6 18. b4 Nc7 19. a4 a6 20. Rfe1 Re7 21. Bf1 b5 22. Bd3 f5 23. Ne2 g6 24. Nc1 Nc4 25. Nb3 bxa4 26. Bxc4 dxc4 27. Nc5 Nd5 28. Rec1 a5 29. b5 Rb8 30. bxc6 Rb4 31. Ra1 Nb6 32. Rd1 Nd5 33. Nxa4 Rc7 34. Nc5 Rb5 35. Rdc1 c3 36. Kf1 Rxc6 37. Ke2 Rb2+ 38. Kd3 Rxf2 39. Rxa5 Rd2+ 40. Kc4 Nxe3+ 41. Kxc3 Rxh2 42. Ra8+ Kg7 43. Ra7+ Kh6 44. Rd7 Rh4 45. Re1 Rh3 46. Kd2 Nc4+ 47. Kc2 Ne3+ 48. Kd2 Nc4+ 49. Kc2 Rb6 50. Rb7 Rxb7 51. Nxb7 Ne3+ 52. Kd2 Nd5 53. Re5 Nxf4 54. Nc5 Rh2+ 55. Kd1 Ra2 56. d5 Nxd5 57. Rxd5 Kg5 58. Ke1 h5 59. Ne6+ Kf6 60. Nf4 h4 61. Rb5 g5 62. Nd5+ Ke6 63. Nc7+ Kd7 64. Rxf5 Kxc7 65. Rxg5 h3 66. Rh5 h2 67. Kf1 Kd6 68. Rh3 Ke5 69. Rh8 Kf4 70. Rf8+ Ke3 71. Re8+ Kf4 72. Rf8+ Kg5 73. Rg8+ Kf6 74. Rh8 Ke5 1/2-1/2

[Event "MCC Labor Day Schev 2024"]
[Site "New York"]
[Date "2024.08.30"]
[Round "1.7"]
[White "Martin Del Campo Cardenas, Roberto Abel"]
[Black "Gaw, Chloe"]
[Result "1/2-1/2"]
[ECO "A09"]
[WhiteElo "2216"]
[BlackElo "1981"]
[Annotator "RC"]
[PlyCount "39"]
[EventDate "2024.08.28"]
[EventType "schev"]
[EventCountry "USA"]
[SourceTitle "playchess.com"]
[Source "ChessBase"]
[SourceQuality "1"]
[TimeControl "5400+30"]

1. Nf3 c5 2. g3 d5 3. Bg2 Nc6 4. O-O e5 5. d3 Be7 6. c4 d4 7. e3 Nf6 8. exd4 exd4 9. Re1 O-O 10. Bf4 Bf5 11. Ne5 Nxe5 12. Bxe5 Qd7 13. Qf3 Rae8 14. Nd2 b6 15. Qc6 Qxc6 16. Bxc6 Rc8 17. Bb7 Rce8 18. Bc6 Rc8 19. Bb7 Rce8 20. Bc6 1/2-1/2

[Event "MCC Labor Day Schev 2024"]
[Site "New York"]
[Date "2024.08.30"]
[Round "1.8"]
[White "Rohde, Michael"]
[Black "Patel, Maahir M"]
[Result "1-0"]
[ECO "A24"]
[WhiteElo "2280"]
[BlackElo "2005"]
[Annotator "RC"]
[PlyCount "57"]
[EventDate "2024.08.28"]
[EventType "schev"]
[EventCountry "USA"]
[SourceTitle "playchess.com"]
[Source "ChessBase"]
[SourceQuality "1"]
[TimeControl "5400+30"]

1. Nf3 Nf6 2. c4 g6 3. Nc3 Bg7 4. e4 e5 5. g3 d6 6. Bg2 O-O 7. O-O c5 8. d3 Nc6 9. a3 Ne8 10. Nd5 Nc7 11. b4 cxb4 12. Nxb4 a5 13. Nd5 Nxd5 14. cxd5 Ne7 15. Rb1 Rb8 16. d4 f5 17. dxe5 fxe4 18. Ng5 Bxe5 19. Bxe4 h6 20. Ne6 Bxe6 21. dxe6 d5 22. Bg2 Kh7 23. Rb5 Qd6 24. Bxd5 Rfd8 25. Bf3 Qc7 26. Qe2 Bd6 27. Be3 Qc3 28. Ba7 Rbc8 29. a4 1-0

[Event "MCC Labor Day Schev 2024"]
[Site "New York"]
[Date "2024.08.30"]
[Round "1.9"]
[White "Khodzhamkuliev, Bahadur"]
[Black "Stern, Kevin B"]
[Result "1/2-1/2"]
[ECO "E04"]
[WhiteElo "2187"]
[BlackElo "1920"]
[Annotator "RC"]
[PlyCount "96"]
[EventDate "2024.08.28"]
[EventType "schev"]
[EventCountry "USA"]
[SourceTitle "playchess.com"]
[Source "ChessBase"]
[SourceQuality "1"]
[TimeControl "5400+30"]

1. Nf3 d5 2. c4 e6 3. d4 Nf6 4. g3 dxc4 5. Bg2 c5 6. O-O Nc6 7. Ne5 Bd7 8. Nxc6 Bxc6 9. Bxc6+ bxc6 10. Qa4 cxd4 11. Qxc6+ Nd7 12. Nd2 Rc8 13. Qa4 Qc7 14. Nf3 e5 15. Rd1 Be7 16. b3 O-O 17. Qxc4 Qxc4 18. bxc4 Rxc4 19. e3 Bf6 20. exd4 e4 21. Nd2 Rxd4 22. Bb2 Ra4 23. Bxf6 Nxf6 24. Nb3 h6 25. Rd2 Rc8 26. Rc1 Rxc1+ 27. Nxc1 Ra5 28. Nb3 Rd5 29. Kf1 Rxd2 30. Nxd2 e3 31. Nc4 exf2 32. Kxf2 Kf8 33. Ne5 Ke8 34. Ke3 Nd7 35. Nc6 a6 36. Kd4 g5 37. a4 f5 38. a5 f4 39. gxf4 gxf4 40. Ke4 Nc5+ 41. Kxf4 Kd7 42. Nb8+ Kc7 43. Nxa6+ Nxa6 44. Kg4 Kd6 45. Kh5 Ke6 46. Kxh6 Kf6 47. Kh7 Kf7 48. h4 Nc5 1/2-1/2

[Event "MCC Labor Day Schev 2024"]
[Site "New York"]
[Date "2024.08.30"]
[Round "2.1"]
[White "Podavonov, Alisher"]
[Black "Sloan, Jed"]
[Result "1/2-1/2"]
[ECO "E20"]
[WhiteElo "2140"]
[BlackElo "2039"]
[Annotator "RC"]
[PlyCount "105"]
[EventDate "2024.08.28"]
[EventType "schev"]
[EventCountry "USA"]
[SourceTitle "playchess.com"]
[Source "ChessBase"]
[SourceQuality "1"]
[TimeControl "5400+30"]

1. d4 Nf6 2. c4 e6 3. g3 d5 4. Nf3 Bb4+ 5. Nc3 dxc4 6. Qa4+ Nc6 7. a3 Bxc3+ 8. bxc3 Qd5 9. Bg2 b5 10. Qc2 Bb7 11. a4 b4 12. O-O b3 13. Qb1 Na5 14. Ba3 Ne4 15. Qb2 Nd6 16. Rae1 O-O 17. e4 Qh5 18. Nd2 Rfe8 19. Bf3 Qg6 20. Bb4 Nc6 21. Bxd6 cxd6 22. Nxc4 Ba6 23. Nxd6 Bxf1 24. Nxe8 Rxe8 25. Kxf1 Na5 26. Qe2 Qg5 27. e5 Rb8 28. Rb1 Qe7 29. d5 Qc5 30. dxe6 fxe6 31. Bg4 Qc6 32. Kg1 Nc4 33. Bh3 b2 34. Bf1 Nb6 35. Rxb2 Qxa4 36. Ra2 Qd7 37. Rd2 Qf7 38. Rd6 Qf5 39. Qb5 Rf8 40. Qc5 Na4 41. Qxa7 Nxc3 42. Rd7 Qg6 43. Bd3 Qg4 44. Qa1 Ne2+ 45. Kf1 Qf3 46. Qe1 Ra8 47. Rc7 Ra1 48. Qxa1 Nxg3+ 49. hxg3 Qh1+ 50. Ke2 Qxa1 51. f4 Qa8 52. Ke3 Qd8 53. Rc6 1/2-1/2

[Event "MCC Labor Day Schev 2024"]
[Site "New York"]
[Date "2024.08.30"]
[Round "2.2"]
[White "Gaw, Chloe"]
[Black "Rohde, Michael"]
[Result "1/2-1/2"]
[ECO "E49"]
[WhiteElo "1981"]
[BlackElo "2280"]
[Annotator "RC"]
[PlyCount "46"]
[EventDate "2024.08.28"]
[EventType "schev"]
[EventCountry "USA"]
[SourceTitle "playchess.com"]
[Source "ChessBase"]
[SourceQuality "1"]
[TimeControl "5400+30"]

1. d4 Nf6 2. c4 e6 3. Nc3 Bb4 4. e3 O-O 5. Bd3 d5 6. a3 Bxc3+ 7. bxc3 b6 8. cxd5 exd5 9. Ne2 c5 10. O-O Ba6 11. f3 Bxd3 12. Qxd3 Re8 13. Ng3 Nbd7 14. Bb2 Rc8 15. Rad1 Qc7 16. Qe2 cxd4 17. cxd4 Qc2 18. Rd2 Qg6 19. Qf2 b5 20. Re2 Nb6 21. e4 Na4 22. Bc1 h6 23. Rfe1 Nh5 1/2-1/2

[Event "MCC Labor Day Schev 2024"]
[Site "New York"]
[Date "2024.08.30"]
[Round "2.3"]
[White "Almeida Saenz, Alfonso"]
[Black "Aravindakshan, Sahana"]
[Result "1/2-1/2"]
[ECO "D00"]
[WhiteElo "2202"]
[BlackElo "2003"]
[Annotator "RC"]
[PlyCount "71"]
[EventDate "2024.08.28"]
[EventType "schev"]
[EventCountry "USA"]
[SourceTitle "playchess.com"]
[Source "ChessBase"]
[SourceQuality "1"]
[TimeControl "5400+30"]

1. d4 Nf6 2. Nf3 g6 3. Nc3 d5 4. Bf4 Bg7 5. e3 c6 6. h3 O-O 7. Be2 c5 8. O-O cxd4 9. exd4 Nc6 10. a3 Ne4 11. Bd3 Nxd4 12. Nxe4 Nxf3+ 13. Qxf3 dxe4 14. Bxe4 Bxb2 15. Rab1 Bg7 16. Rfd1 Qa5 17. Bxb7 Bxb7 18. Rxb7 Bf6 19. Bd2 Qc5 20. Bb4 Qxc2 21. Bxe7 Bxe7 22. Rxe7 Qc4 23. Rdd7 a6 24. Rc7 Qa2 25. Re2 Qb1+ 26. Kh2 Qb8 27. Qg3 Ra7 28. Rc6 Qxg3+ 29. Kxg3 Rb8 30. Re3 a5 31. h4 Kg7 32. Rc5 a4 33. Rcc3 Rab7 34. Rc4 Ra7 35. Rcc3 Rab7 36. Rc4 1/2-1/2

[Event "MCC Labor Day Schev 2024"]
[Site "New York"]
[Date "2024.08.30"]
[Round "2.4"]
[White "Mottola, Max"]
[Black "Colas, Joshua"]
[Result "0-1"]
[ECO "B41"]
[WhiteElo "2103"]
[BlackElo "2224"]
[Annotator "RC"]
[PlyCount "80"]
[EventDate "2024.08.28"]
[EventType "schev"]
[EventCountry "USA"]
[SourceTitle "playchess.com"]
[Source "ChessBase"]
[SourceQuality "1"]
[TimeControl "5400+30"]

1. e4 c5 2. Nf3 e6 3. d4 cxd4 4. Nxd4 a6 5. c4 Nf6 6. Nc3 Qc7 7. a3 b6 8. f4 d6 9. Bd3 Bb7 10. f5 Nc6 11. Be3 exf5 12. Nxf5 Ne5 13. Rc1 g6 14. Nd5 Bxd5 15. cxd5 Qb7 16. Nd4 Bg7 17. Nc6 Nxd3+ 18. Qxd3 O-O 19. Bd4 Nxe4 20. Bxg7 Kxg7 21. O-O Rae8 22. Nd4 Kg8 23. Rc6 b5 24. Nf3 Qa7+ 25. Qd4 Qxd4+ 26. Nxd4 Re5 27. Re1 Rfe8 28. Rxa6 Rxd5 29. Nf3 g5 30. a4 g4 31. Nh4 Rh5 32. g3 bxa4 33. Rxa4 Rhe5 34. Rd4 h5 35. Rf1 R8e6 36. Rfd1 Rb5 37. Re1 d5 38. Nf5 Ng5 39. Rxe6 Nf3+ 40. Kf1 fxe6 0-1

[Event "MCC Labor Day Schev 2024"]
[Site "New York"]
[Date "2024.08.30"]
[Round "2.5"]
[White "Shangin, Lev"]
[Black "Martin Del Campo Cardenas, Roberto Abel"]
[Result "1-0"]
[ECO "A53"]
[WhiteElo "1974"]
[BlackElo "2216"]
[Annotator "RC"]
[PlyCount "63"]
[EventDate "2024.08.28"]
[EventType "schev"]
[EventCountry "USA"]
[SourceTitle "playchess.com"]
[Source "ChessBase"]
[SourceQuality "1"]
[TimeControl "5400+30"]

1. d4 Nf6 2. c4 d6 3. Nc3 Bf5 4. g3 c6 5. Bg2 e5 6. Nf3 Qc7 7. O-O Be7 8. Re1 h6 9. e4 Bg4 10. h3 Bxf3 11. Bxf3 O-O 12. Be3 a5 13. Bg2 Na6 14. f4 Nd7 15. d5 exf4 16. gxf4 Bf6 17. Bd4 Bxd4+ 18. Qxd4 Qb6 19. Qxb6 Nxb6 20. b3 Nb4 21. Re2 a4 22. Rb1 axb3 23. Rxb3 c5 24. a3 Nd3 25. Rxb6 Rxa3 26. Nb5 Rb3 27. Rxb7 Nxf4 28. Rf2 Nd3 29. Rd2 Ne5 30. Nxd6 Rc3 31. Rd1 Ra8 32. Nb5 1-0

[Event "MCC Labor Day Schev 2024"]
[Site "New York"]
[Date "2024.08.30"]
[Round "2.6"]
[White "Nasta, Kiren Vivek"]
[Black "Stern, Kevin B"]
[Result "1/2-1/2"]
[ECO "B77"]
[WhiteElo "2148"]
[BlackElo "1920"]
[Annotator "RC"]
[PlyCount "62"]
[EventDate "2024.08.28"]
[EventType "schev"]
[EventCountry "USA"]
[SourceTitle "playchess.com"]
[Source "ChessBase"]
[SourceQuality "1"]
[TimeControl "5400+30"]

1. e4 c5 2. Nf3 d6 3. d4 cxd4 4. Nxd4 Nf6 5. Nc3 g6 6. Be3 Bg7 7. f3 O-O 8. Qd2 Nc6 9. Bc4 Nxd4 10. Bxd4 Be6 11. Bxe6 fxe6 12. O-O-O Qa5 13. Rhe1 Nd7 14. Bxg7 Kxg7 15. e5 d5 16. Kb1 Rac8 17. Ne2 Qxd2 18. Rxd2 Nb8 19. Nd4 Kf7 20. f4 Nc6 21. c3 Nxd4 22. Rxd4 b5 23. a4 Rc4 24. Red1 a6 25. axb5 axb5 26. Kc2 Rfc8 27. Rxc4 bxc4 28. Ra1 Rb8 29. Ra2 Kg7 30. Kd2 Kf7 31. Ke3 h5 1/2-1/2

[Event "MCC Labor Day Schev 2024"]
[Site "New York"]
[Date "2024.08.30"]
[Round "2.7"]
[White "Sarkar, Justin"]
[Black "Hoffman, Luc"]
[Result "1/2-1/2"]
[ECO "D17"]
[WhiteElo "2276"]
[BlackElo "2067"]
[Annotator "RC"]
[PlyCount "40"]
[EventDate "2024.08.28"]
[EventType "schev"]
[EventCountry "USA"]
[SourceTitle "playchess.com"]
[Source "ChessBase"]
[SourceQuality "1"]
[TimeControl "5400+30"]

1. d4 d5 2. c4 c6 3. Nf3 Nf6 4. Nc3 dxc4 5. a4 Bf5 6. Ne5 e6 7. f3 Bb4 8. e4 Bxe4 9. fxe4 Nxe4 10. Bd2 Qxd4 11. Nxe4 Qxe4+ 12. Qe2 Bxd2+ 13. Kxd2 Qd5+ 14. Kc3 O-O 15. Qe3 b5 16. axb5 cxb5 17. Be2 Nd7 18. Nxd7 Qxd7 19. Bf3 Rac8 20. Rxa7 Rc7 1/2-1/2

[Event "MCC Labor Day Schev 2024"]
[Site "New York"]
[Date "2024.08.30"]
[Round "2.8"]
[White "Patel, Maahir M"]
[Black "Khodzhamkuliev, Bahadur"]
[Result "1-0"]
[ECO "B00"]
[WhiteElo "2005"]
[BlackElo "2187"]
[Annotator "RC"]
[PlyCount "87"]
[EventDate "2024.08.28"]
[EventType "schev"]
[EventCountry "USA"]
[SourceTitle "playchess.com"]
[Source "ChessBase"]
[SourceQuality "1"]
[TimeControl "5400+30"]

1. e4 d6 2. d4 Nc6 3. d5 Nb8 4. Bd3 Nf6 5. c4 g6 6. Nc3 Bg7 7. Nge2 c6 8. h3 O-O 9. O-O a6 10. a4 Nbd7 11. Be3 Ne5 12. f4 Nxd3 13. Qxd3 Nd7 14. Bd4 Nc5 15. Qe3 Qb6 16. Bxg7 Kxg7 17. Qd4+ Kg8 18. a5 Qc7 19. Ra3 Nd7 20. Qe3 Rb8 21. b4 c5 22. b5 b6 23. Rfa1 bxa5 24. Rxa5 Nb6 25. Qd3 f5 26. bxa6 fxe4 27. Nxe4 Bf5 28. g4 Bd7 29. Ng5 Nc8 30. Qe4 Qb6 31. Ne6 Rf6 32. Nc3 Qb2 33. a7 Nxa7 34. Rb1 Qxc3 35. Rxb8+ Nc8 36. Raa8 Qc1+ 37. Kg2 Bxe6 38. dxe6 Rxf4 39. Rxc8+ Kg7 40. Qe2 Rxc4 41. Ra2 h5 42. Re8 hxg4 43. Rxe7+ Kh6 44. Qd2+ 1-0

[Event "MCC Labor Day Schev 2024"]
[Site "New York"]
[Date "2024.08.30"]
[Round "2.9"]
[White "Zaderman, Vitaly"]
[Black "Zhao, Alex"]
[Result "0-1"]
[ECO "A41"]
[WhiteElo "2093"]
[BlackElo "2043"]
[Annotator "RC"]
[PlyCount "88"]
[EventDate "2024.08.28"]
[EventType "schev"]
[EventCountry "USA"]
[SourceTitle "playchess.com"]
[Source "ChessBase"]
[SourceQuality "1"]
[TimeControl "5400+30"]

1. d4 d6 2. c4 e5 3. dxe5 dxe5 4. Qxd8+ Kxd8 5. Nc3 Be6 6. b3 Nd7 7. Nf3 f6 8. g3 c6 9. Bg2 Kc7 10. Bb2 a5 11. O-O Nh6 12. Rac1 Nc5 13. Rfd1 Nf7 14. Ne1 Rd8 15. Rxd8 Nxd8 16. Ne4 Bf5 17. Nxc5 Bxc5 18. e3 Ne6 19. Kf1 Rd8 20. Ke2 Bb4 21. Bc3 Nc5 22. f3 Bxc3 23. Rxc3 Bb1 24. a3 Ba2 25. b4 axb4 26. axb4 Na4 27. Rc1 Nb2 28. c5 Bc4+ 29. Kf2 Nd1+ 30. Kg1 Nxe3 31. Rc3 Nxg2 32. Nxg2 Rd1+ 33. Kf2 Rd2+ 34. Kg1 Be6 35. f4 Bd5 36. Ne3 exf4 37. gxf4 Rd4 38. Nxd5+ cxd5 39. Rg3 Rxb4 40. Rxg7+ Kc6 41. Rxh7 Rxf4 42. h4 d4 43. h5 d3 44. Rh8 Rd4 0-1

[Event "MCC Labor Day Schev 2024"]
[Site "New York"]
[Date "2024.08.31"]
[Round "3.1"]
[White "Rohde, Michael"]
[Black "Shangin, Lev"]
[Result "1-0"]
[ECO "D38"]
[WhiteElo "2280"]
[BlackElo "1974"]
[Annotator "RC"]
[PlyCount "55"]
[EventDate "2024.08.28"]
[EventType "schev"]
[EventCountry "USA"]
[SourceTitle "playchess.com"]
[Source "ChessBase"]
[SourceQuality "1"]
[TimeControl "5400+30"]

1. Nf3 Nf6 2. c4 e6 3. Nc3 d5 4. d4 Bb4 5. e3 Bxc3+ 6. bxc3 c5 7. Bd3 Qc7 8. cxd5 exd5 9. O-O c4 10. Bb1 O-O 11. Ne5 Ne4 12. Ba3 Rd8 13. Qh5 Nc6 14. Nxc6 Qxc6 15. f3 Nf6 16. Qh4 Re8 17. Re1 b6 18. Bc2 Bb7 19. Re2 g6 20. Rae1 Re6 21. e4 Rae8 22. e5 Nh5 23. f4 Ng7 24. g4 Bc8 25. Rg2 Qd7 26. f5 Rc6 27. f6 Ne6 28. Qh6 1-0

[Event "MCC Labor Day Schev 2024"]
[Site "New York"]
[Date "2024.08.31"]
[Round "3.2"]
[White "Sloan, Jed"]
[Black "Almeida Saenz, Alfonso"]
[Result "0-1"]
[ECO "B30"]
[WhiteElo "2039"]
[BlackElo "2202"]
[Annotator "RC"]
[PlyCount "82"]
[EventDate "2024.08.28"]
[EventType "schev"]
[EventCountry "USA"]
[SourceTitle "playchess.com"]
[Source "ChessBase"]
[SourceQuality "1"]
[TimeControl "5400+30"]

1. e4 c5 2. Nf3 Nc6 3. Bb5 Na5 4. O-O a6 5. Be2 d6 6. c4 Nf6 7. Nc3 e5 8. Ne1 Be6 9. d3 Rb8 10. f4 Be7 11. f5 Bd7 12. Nc2 Nc6 13. Qe1 Nd4 14. Bd1 b5 15. Qg3 bxc4 16. dxc4 Bc6 17. Nd5 Bxd5 18. cxd5 Kf8 19. Qd3 Qb6 20. Nxd4 exd4 21. Bb3 Nd7 22. Bf4 Bf6 23. Ba4 Ne5 24. Bxe5 Bxe5 25. b4 c4 26. Qxc4 d3+ 27. Kh1 Bxa1 28. Rxa1 Qxb4 29. Qc7 Qb1+ 30. Bd1 Qb6 31. Qc3 Ke7 32. Bb3 f6 33. Qxd3 Rhc8 34. Qh3 Qd4 35. Rd1 Qe5 36. Qxh7 Kf7 37. Ba4 Rh8 38. Qg6+ Kf8 39. h3 Qxe4 40. Bd7 Rxh3+ 41. Kg1 Qe3+ 0-1

[Event "MCC Labor Day Schev 2024"]
[Site "New York"]
[Date "2024.08.31"]
[Round "3.3"]
[White "Zhao, Alex"]
[Black "Podavonov, Alisher"]
[Result "1/2-1/2"]
[ECO "C00"]
[WhiteElo "2043"]
[BlackElo "2140"]
[Annotator "RC"]
[PlyCount "67"]
[EventDate "2024.08.28"]
[EventType "schev"]
[EventCountry "USA"]
[SourceTitle "playchess.com"]
[Source "ChessBase"]
[SourceQuality "1"]
[TimeControl "5400+30"]

1. Nf3 d5 2. g3 Nf6 3. Bg2 e6 4. O-O Be7 5. d3 c5 6. Nbd2 Nc6 7. e4 b6 8. Re1 a5 9. a4 Ba6 10. exd5 exd5 11. Nf1 O-O 12. c3 d4 13. Ne5 Nxe5 14. Rxe5 Rc8 15. c4 Bd6 16. Re1 Qc7 17. Nd2 Rfe8 18. Ne4 Nxe4 19. Bxe4 Bb7 20. Qf3 Bxe4 21. Rxe4 Qd7 22. Bd2 Rxe4 23. Qxe4 Re8 24. Qf3 g6 25. b3 h5 26. h4 Bf8 27. Re1 Rxe1+ 28. Bxe1 Bh6 29. Qe4 Kh7 30. Kf1 f5 31. Qe5 f4 32. Bd2 fxg3 33. Bxh6 Kxh6 34. Qf4+ 1/2-1/2

[Event "MCC Labor Day Schev 2024"]
[Site "New York"]
[Date "2024.08.31"]
[Round "3.4"]
[White "Hoffman, Luc"]
[Black "Colas, Joshua"]
[Result "1/2-1/2"]
[ECO "E04"]
[WhiteElo "2067"]
[BlackElo "2224"]
[Annotator "RC"]
[PlyCount "48"]
[EventDate "2024.08.28"]
[EventType "schev"]
[EventCountry "USA"]
[SourceTitle "playchess.com"]
[Source "ChessBase"]
[SourceQuality "1"]
[TimeControl "5400+30"]

1. d4 d5 2. c4 e6 3. Nf3 Nf6 4. g3 dxc4 5. Bg2 Nc6 6. O-O Rb8 7. b3 cxb3 8. axb3 a6 9. Bb2 Bb4 10. e3 O-O 11. Qe2 b6 12. Rd1 Bb7 13. Ne5 Na5 14. Bxb7 Rxb7 15. Ba3 Bxa3 16. Rxa3 Qd6 17. Qxa6 Rbb8 18. Nc4 Nxc4 19. Qxc4 h5 20. Ra7 Rfc8 21. Nc3 b5 22. Nxb5 Qb6 23. Rxc7 Rxc7 24. Nxc7 Qxb3 1/2-1/2

[Event "MCC Labor Day Schev 2024"]
[Site "New York"]
[Date "2024.08.31"]
[Round "3.5"]
[White "Nasta, Kiren Vivek"]
[Black "Patel, Maahir M"]
[Result "1/2-1/2"]
[ECO "C79"]
[WhiteElo "2148"]
[BlackElo "2005"]
[Annotator "RC"]
[PlyCount "66"]
[EventDate "2024.08.28"]
[EventType "schev"]
[EventCountry "USA"]
[SourceTitle "playchess.com"]
[Source "ChessBase"]
[SourceQuality "1"]
[TimeControl "5400+30"]

1. e4 e5 2. Nf3 Nc6 3. Bb5 a6 4. Ba4 Nf6 5. O-O d6 6. Bxc6+ bxc6 7. Re1 c5 8. c3 Bg4 9. d4 Nd7 10. Be3 cxd4 11. cxd4 Be7 12. Nc3 O-O 13. h3 Bh5 14. g4 Bg6 15. dxe5 dxe5 16. Qa4 h6 17. Rad1 Bd6 18. Kg2 Re8 19. a3 Qc8 20. Nh4 Bh7 21. Nf5 Bxf5 22. gxf5 Qd8 23. Nd5 Nf6 24. Qc4 Nxd5 25. Rxd5 Qh4 26. Bd2 Kh8 27. Rd3 Qh5 28. Ba5 Be7 29. Qxc7 Bh4 30. Qc1 Rac8 31. Qd1 Qg5+ 32. Qg4 Rc2 33. Bb6 Rxb2 1/2-1/2

[Event "MCC Labor Day Schev 2024"]
[Site "New York"]
[Date "2024.08.31"]
[Round "3.6"]
[White "Aravindakshan, Sahana"]
[Black "Sarkar, Justin"]
[Result "1/2-1/2"]
[ECO "E51"]
[WhiteElo "2003"]
[BlackElo "2276"]
[Annotator "RC"]
[PlyCount "107"]
[EventDate "2024.08.28"]
[EventType "schev"]
[EventCountry "USA"]
[SourceTitle "playchess.com"]
[Source "ChessBase"]
[SourceQuality "1"]
[TimeControl "5400+30"]

1. d4 Nf6 2. c4 e6 3. Nc3 Bb4 4. e3 d5 5. a3 Be7 6. Nf3 O-O 7. b4 c6 8. Bd3 dxc4 9. Bxc4 b5 10. Bd3 a5 11. bxa5 Qxa5 12. Bb2 Nd5 13. Qc2 Nxc3 14. Bxc3 b4 15. Bd2 Qa4 16. Bxh7+ Kh8 17. Qxa4 Rxa4 18. Bc2 Rxa3 19. O-O c5 20. Rxa3 bxa3 21. dxc5 Bxc5 22. Ra1 Nc6 23. Bc1 Bb7 24. Bxa3 Bxa3 25. Rxa3 Nb4 26. Rb3 Rc8 27. Rxb4 Rxc2 28. h3 Bxf3 29. gxf3 g6 30. Rb7 Kg7 31. Kg2 Ra2 32. Kg3 Rc2 33. f4 Re2 34. Kf3 Ra2 35. Rb3 Rc2 36. e4 Ra2 37. Kg3 Rc2 38. f3 Rd2 39. Rb7 Rc2 40. Rb5 Rc1 41. f5 exf5 42. exf5 Kf6 43. fxg6 fxg6 44. Kg4 Rg1+ 45. Kf4 g5+ 46. Ke4 Re1+ 47. Kd3 Rh1 48. Rb6+ Kf5 49. Ke3 Rxh3 50. Rb5+ Kf6 51. Rb6+ Kf5 52. Rb5+ Kf6 53. Rb6+ Ke5 54. Rb5+ 1/2-1/2